 Dungeon Crawl Stone Soup version 0.27.1-2-g3b301248ec (webtiles) character file.

Game seed: 5993243280214529077

858 worthlessgem the Magician (level 8, -4/58 HPs)
             Began as a Djinni Fire Elementalist on Sept 23, 2021.
             Was an Initiate of Elyvilon.
             Slain by a hornet (10 damage)
             ... on level 4 of the Dungeon.
             The game lasted 00:22:34 (3563 turns).

worthlessgem the Magician (DjFE)                    Turns: 3563, Time: 00:22:34

Health: -4/58      AC:  4    Str:  8    XL:     8   Next: 22%
Gold:   236        EV: 11    Int: 19    God:    Elyvilon [......] SH:  0 Dex: 13

rFire    + + +     SeeInvis .   a - staff of fire
rCold    x . .     Faith    .   (no shield)
rNeg     . . .     Spirit   .   d - +0 troll leather armour
rPois    ∞         Reflect  .   (no helmet)
rElec    .         Harm     .   (no cloak)
rCorr    .         Rampage  .   (no gloves)
Will     .....                  (boots unavailable)
Stlth    ++........             (no amulet)
HPRegen  1.19/turn              (no ring)
MPRegen  0.00/turn              (no ring)

@: flying, very slightly contaminated
A: sickness immunity, fire resistance 2, cold vulnerability 1, float, innate
caster, hp casting, extra vitality 1
a: Renounce Religion


You were on level 4 of the Dungeon.
You worshipped Elyvilon.
Elyvilon was noncommittal.
You visited 1 branch of the dungeon, and saw 6 of its levels.
You also visited: Sewer.

You collected 236 gold pieces.

Inventory:

Hand Weapons
 g - a +0 short sword
 o - a +0 halberd
Missiles
 c - 105 stones
 t - 33 sling bullets
 u - 13 poisoned darts
Armour
 d - a +0 troll leather armour (worn)
 x - a +0 buckler
Magical Staves
 a - a staff of fire (weapon)
Jewellery
 i - an amulet of regeneration
Scrolls
 b - 2 scrolls of magic mapping {unknown}
 e - 8 scrolls of identify {unknown}
 j - 2 scrolls of fear {unknown}
 k - a scroll of silence {unknown}
 m - 2 scrolls of amnesia {unknown}
 s - a scroll of enchant armour {unknown}
 w - 2 scrolls of teleportation {unknown}
Potions
 f - 2 potions of curing
 h - a potion of attraction {unknown}
 l - a potion of lignification {unknown}
 n - 2 potions of degeneration {unknown}
 p - 2 potions of resistance {unknown}
 q - a potion of cancellation {unknown}
 r - 3 potions of flight
 v - 2 potions of heal wounds


   Skills:
 + Level 4.2 Fighting
 - Level 2.1 Dodging
 - Level 1.5 Stealth
 * Level 6.2 Spellcasting


You couldn't memorise any spells.
You knew the following spells:

 Your Spells              Type           Power      Damage    Failure   Level
a - Foxfire               Conj/Fire      100%       2x1d9     1%          1
b - Conjure Flame         Conj/Fire      44%        6-21      3%          3
c - Inner Flame           Hex/Fire       44%        N/A       3%          3
d - Sticky Flame          Conj/Fire      44%        2d6       12%         4
e - Fireball              Conj/Fire      22%        3d10      32%         5
f - Apportation           Tloc           58%        N/A       1%          1
g - Passwall              Tmut/Erth      24%        N/A       1%          2
h - Confusing Touch       Hex            29%        N/A       3%          3
Your spell library was empty.

Dungeon Overview and Level Annotations

Branches:
Dungeon (6/15)              Sewer (visited)
 Temple: D:4-7

Altars:


Innate Abilities, Weirdness & Mutations

You are immune to sickness and miasma.
You are immune to poison.
Your flesh is very heat resistant. (rF++)
You are vulnerable to cold. (rC-)
You float through the air rather than walking.
You learn spells naturally, not from books.
Your magical power is your life essence.
You have superior vitality. (+4 HP)


Message History

The hornet is heavily wounded.
The hornet barely misses you. The hornet closely misses you.
Unknown command.
Casting: Foxfire (safe; 1% risk of failure)
Confirm with . or Enter, or press ? or * to list all spells.
You feel a surge of power!
You conjure some foxfire!
The foxfire hits the hornet.
The hornet is severely wounded.
The foxfire hits the hornet but does no damage.
The hornet is severely wounded.
The hornet stings you!
Unknown command.
Casting: Foxfire (safe; 1% risk of failure)
Confirm with . or Enter, or press ? or * to list all spells.
You feel a surge of power!
You miscast Foxfire.
You are very lightly contaminated with residual magic.
Nothing appears to happen.
The foxfire hits the hornet.
The hornet is almost dead.
The foxfire hits the hornet.
The hornet is almost dead.
The hornet misses you. The hornet stings you!
Casting: Foxfire (safe; 1% risk of failure)
Confirm with . or Enter, or press ? or * to list all spells.
You feel a surge of power!
You conjure some foxfire!
The hornet stings you!
* * * LOW HITPOINT WARNING * * *
Unknown command.
Unknown command.
Okay, then.
Casting: Foxfire (safe; 1% risk of failure)
Confirm with . or Enter, or press ? or * to list all spells.
You feel a surge of power!
You conjure some foxfire!
* * * LOW HITPOINT WARNING * * *
The foxfire hits the hornet.
The hornet is almost dead.
The foxfire hits the hornet but does no damage.
The hornet is almost dead.
The hornet stings you!
* * * LOW HITPOINT WARNING * * *
The hornet stings you!
You die...

#.....>........#######
#..............)#.#...
###..............)......
.......#.....#.....#....
y...########....##.... ...
##..##...#.....
#.###...........#.#
#.#.y##.....#.....### #
###...@....#..###....#
###.......vv....#...##†...##
#.#..#.......####.####......
.Z.....##.......# #.####.##..#
<........#.......#
#...#....###
(................###........##
.............................#
(.......#..<......##........##
........#....................#


You could see a hornet (ally target).

Vanquished Creatures
  A water moccasin (D:5)
  2 black bears (D:5)
  A kobold brigand (Sewer)
  A scorpion (D:5)
  2 hounds
  An orc priest (D:4)
  An iguana (D:5)
  Jessica (D:2)
  An orc wizard (D:4)
  A hound zombie (D:5)
  A hound skeleton (D:5)
  3 gnolls
  An adder (D:5)
  15 river rats
  3 worms
  3 orcs
  6 endoplasms
  A giant cockroach (D:5)
  3 goblins
  2 hobgoblins
  3 jackals
  4 kobolds
  11 quokkas
  2 ball pythons
  5 bats
  3 frilled lizards
  25 rats
103 creatures vanquished.

Vanquished Creatures (others)
  357 foxfires
357 creatures vanquished.

Grand Total: 460 creatures vanquished

Notes
Turn   | Place    | Note
-------+----------+-------------------------------------------
     0 | D:1      | worthlessgem the Djinni Fire Elementalist began the quest
                  | for the Orb.
     0 | D:1      | Reached XP level 1. HP: 15/15 MP: 0/0
    76 | D:1      | Found a faded altar of an unknown god.
   504 | D:1      | Reached XP level 2. HP: 22/22 MP: 0/0
  1052 | D:2      | Reached skill level 3 in Spellcasting
  1261 | D:2      | Reached XP level 3. HP: 26/26 MP: 0/0
  1261 | D:2      | Learned a level 1 spell: Apportation
  1420 | D:2      | Noticed Jessica
  1426 | D:2      | Killed Jessica
  1427 | D:2      | Reached XP level 4. HP: 31/31 MP: 0/0
  1894 | D:3      | Reached skill level 4 in Spellcasting
  2009 | D:3      | Reached skill level 1 in Fighting
  2009 | D:3      | Reached XP level 5. HP: 37/37 MP: 0/0
  2009 | D:3      | Learned a level 2 spell: Passwall
  2060 | D:5      | Entered Level 5 of the Dungeon
  2122 | D:5      | Noticed a black bear
  2209 | D:5      | Noticed a water moccasin
  2220 | D:5      | Killed a water moccasin
  2221 | D:5      | Reached XP level 6. HP: 37/43 MP: 0/0
  2264 | D:5      | Noticed a black bear
  2274 | D:5      | Killed a black bear
  2275 | D:5      | Reached skill level 5 in Spellcasting
  2275 | D:5      | Reached XP level 7. HP: 46/49 MP: 0/0
  2275 | D:5      | Learned a level 3 spell: Confusing Touch
  2329 | D:5      | Found a glowing drain.
  2339 | Sewer    | Entered a sewer
  2526 | Sewer    | Found a white marble altar of Elyvilon.
  2609 | Sewer    | Became a worshipper of Elyvilon the Healer
  3133 | D:5      | Reached XP level 8. HP: 40/58 MP: 0/0
  3180 | D:5      | Reached skill level 6 in Spellcasting
  3554 | D:4      | Noticed a hornet
  3563 | D:4      | Slain by a hornet

Illustrated notes

Levels and vault maps discovered:
D:1:      mrwooster_arrival_statue_3, layout_loops_cross,
          ebering_ecumenical_altar_petrified, minmay_indecisive_spiral
D:2:      layout_basic, kennysheep_jessica_study
D:3:      layout_rooms, nrook_mini_backslash
D:4:      minmay_door_path, layout_cave_pools, amcnicky_mini_pool_small,
          grunt_ministairs_14
D:5:      lemuel_ratsnest, layout_basic, gup_sewer_entry_bubbles
D:6:      layout_basic, minmay_misc_feat_five

Skill      XL: |  1  2  3  4  5  6  7  8 |
---------------+-------------------------+-----
Spellcasting   | 3 4 5 6 |  6.2
Fighting       | 1 2 3 4 |  4.2
Dodging        | |  2.1
Stealth        | |  1.5

Action                   |  1- 3 |  4- 6 |  7- 9 || total
-------------------------+-------+-------+-------++-------
Melee: Staff             |       |       |    10 ||    10
       Short sword       |       |       |    10 ||    10
 Cast: Foxfire           |    45 |    64 |   126 ||   235
       Apportation       |       |     4 |       ||     4
       Conjure Flame     |       |     2 |     1 ||     3
       Passwall          |       |     2 |     1 ||     3
       Inner Flame       |       |       |     4 ||     4
       Confusing Touch   |       |       |     1 ||     1
Armor: Troll leather arm |     1 |     6 |    14 ||    21
Dodge: Dodged            |       |    12 |    41 ||    53
